 Dungeon Crawl Stone Soup version 0.25-a0-591-g2ad0d86 (webtiles) character file.

Game seed: 5045918774036396089, levelgen mode: deterministic

17 araganzar the Caller (level 2, -2/23 HPs)
             Began as a Minotaur Summoner on Mar 13, 2020.
             Slain by an ooze (5 damage)
             ... on level 1 of the Dungeon.
             The game lasted 00:00:47 (452 turns).

araganzar the Caller (Minotaur Summoner)             Turns: 452, Time: 00:00:48

Health: -2/23      AC:  2    Str: 12    XL:     2   Next: 44%
Magic:  3/3        EV: 12    Int: 12    God:
Gold:   13         SH:  0    Dex: 10    Spells: 2/3 levels left

rFire    . . .     SeeInvis .   (no weapon)
rCold    . . .     Gourm    .   (no shield)
rNeg     . . .     Faith    .   a - +0 robe
rPois    .         Spirit   .   (helmet restricted)
rElec    .         Reflect  .   (no cloak)
rCorr    .         Harm     .   (no gloves)
MR       .....                  (no boots)
Stlth    ++........             (no amulet)
HPRegen  0.07/turn              (no ring)
MPRegen  0.08/turn              (no ring)

@: no status effects
A: retaliatory headbutt, horns 2
a: no special abilities


You were on level 1 of the Dungeon.
You were not hungry.

You visited 1 branch of the dungeon, and saw 1 of its levels.

You collected 13 gold pieces.


Innate Abilities, Weirdness & Mutations

You reflexively headbutt those who attack you in melee.
You have a pair of horns on your head.


   Skills:
 + Level 1.4 Fighting
 + Level 1.3 Armour
 + Level 2.6 Dodging
 - Level 1.5 Stealth
 - Level 1.3 Spellcasting
 - Level 2.9 Summonings


You had 2 spell levels left.
You knew the following spells:

 Your Spells              Type           Power        Failure   Level  Hunger
a - Summon Small Mammal   Summ           #...         9%          1    ##.....

Your spell library contained the following spells:

 Spells                   Type           Power        Failure   Level  Hunger
 Call Imp                 Summ           #.......     13%         2    ###....
 Call Canine Familiar     Summ           #.......     26%         3    ####...
 Summon Guardian Golem    Hex/Summ       #.......     43%         3    ####...
 Summon Ice Beast         Ice/Summ       #.......     83%         4    #####..
 Summon Lightning Spire   Summ/Air       #.......     83%         4    #####..

Inventory:

Armour
 a - a +0 robe (worn)
Scrolls
 b - a scroll of blinking {unknown}
Potions
 d - 2 potions of curing {unknown}
 e - a potion of invisibility {unknown}
 f - a potion of lignification {unknown}
 g - a potion of brilliance {unknown}
Comestibles
 c - a ration

#. #.# ## ####.#### #.#
#.##### #.......# ####..
#...... #......[#.......
####### ###.......#.# #..
....)..[.... #..##########
###.......## #...........#
.....$.....#####...#######.###
#...)...ggJ@.....# #....
.....#####.######..# ##### .#.
##.## #..# ##...## #..#
###.#.#.####..#
...........†..#
..#.....####.##
#.#....#.......# #
####...#######


You could see an ooze and 2 hobgoblins.


Message History

You take 5 damage, and have 16/23 hp.
MASSIVE DAMAGE!!
Unknown command.
The ooze hits you.
You take 5 damage, and have 11/23 hp.
MASSIVE DAMAGE!!
The ooze closely misses you. You furiously retaliate!
You headbutt the ooze. You hit the ooze. The ooze closely misses you.
You hit the ooze. The ooze completely misses you.
You hit the ooze. The ooze closely misses you.
You hit the ooze but do no damage. The ooze hits you.
You take 1 damage, and have 11/23 hp.
You hit the ooze. The ooze barely misses you.
You hit the ooze but do no damage.
You headbutt the ooze, but do no damage.
The ooze hits you.
You take 4 damage, and have 7/23 hp.
You hit the ooze. You headbutt the ooze.
You kill the ooze!
You barely miss the ooze. The ooze hits you but does no damage.
You hit the ooze but do no damage. The ooze barely misses you.
You barely miss the ooze. The ooze closely misses you.
You barely miss the ooze. The ooze barely misses you.
You hit the ooze.
A hobgoblin comes into view. It is wielding a +0 club.
The ooze hits you.
* * * LOW HITPOINT WARNING * * *
You take 4 damage, and have 3/23 hp.
You barely miss the ooze. You headbutt the ooze. The ooze hits you.
You die...

Action                   || total
-------------------------++-------
Melee: Unarmed           ||    50
       Headbutt          ||     9
Armor: Robe              ||    11
Dodge: Dodged            ||    47

Levels and vault maps discovered:
D:1:      dpeg_arrival_lava_temple_mockup, layout_loops_ring

Notes
Turn   | Place    | Note
-------+----------+-------------------------------------------
     0 | D:1      | araganzar the Minotaur Summoner began the quest for the
                  | Orb.
     0 | D:1      | Reached XP level 1. HP: 14/14 MP: 1/1
   307 | D:1      | Reached skill level 1 in Fighting
   342 | D:1      | Reached skill level 1 in Armour
   342 | D:1      | Reached XP level 2. HP: 15/23 MP: 3/3
   452 | D:1      | Slain by an ooze

Vanquished Creatures
  An ooze (D:1)
  A goblin (D:1)
  A hobgoblin (D:1)
  4 jackals (D:1)
  A kobold (D:1)
  2 bats (D:1)
  2 rats (D:1)
12 creatures vanquished.
